 Dungeon Crawl Stone Soup version 0.28-a0-317-g21599a725c (webtiles) character file.

Game seed: 12765320070875250727

76 Froggeryz the Sneak (level 4, -2/29 HPs)
             Began as an Octopode Brigand on Sept 1, 2021.
             Slain by a goblin (3 damage)
             ... on level 2 of the Dungeon.
             The game lasted 00:02:07 (1861 turns).

Froggeryz the Sneak (Octopode Brigand)              Turns: 1861, Time: 00:02:08

Health: -2/29      AC:  1    Str: 10    XL:     4   Next: 32%
Magic:  4/4        EV: 13    Int: 13    God:
Gold:   43         SH:  0    Dex: 14    Spells: 3/3 levels left

rFire   . . .      SeeInvis .   i - +0 whip (venom)
rCold   . . .      Faith    .   (no shield)
rNeg    . . .      Spirit   .   (helmet restricted)
rPois   .          Reflect  .   (no amulet)
rElec   .          Harm     .   (no ring)
rCorr   .          Rampage  .   (no ring)
Will    .....                   (no ring)
Stlth   ++++......              (no ring)
HPRegen 0.09/turn               (no ring)
MPRegen 0.09/turn               (no ring)
                                (no ring)
                                (no ring)

@: lethally poisoned (-2 -> -21), flying
A: almost no armour, amphibious, 8 rings, camouflage 1, gelatinous body 1,
(nimble swimmer 1), tentacles
a: no special abilities


You were on level 2 of the Dungeon.
You visited 1 branch of the dungeon, and saw 2 of its levels.

You collected 43 gold pieces.

Inventory:

Hand Weapons
 a - a +2 dagger
 d - a +0 hunting sling
 i - a +0 whip of venom (weapon)
Missiles
 b - 8 poisoned darts (quivered)
 c - 2 curare-tipped darts
 f - 115 stones
 m - 19 sling bullets
Scrolls
 e - a scroll of vulnerability {unknown}
 g - 2 scrolls of identify {unknown}
Potions
 j - a potion of lignification {unknown}
 k - a potion of cancellation {unknown}
 l - a potion of haste {unknown}


   Skills:
 - Level 2.0 Fighting
 * Level 3.4 Short Blades
 + Level 1.6(2.1) Slings
 - Level 2.0(2.3) Throwing
 + Level 1.8 Dodging
 - Level 5.4 Stealth


You had 3 spell levels left.
You didn't know any spells.
Your spell library was empty.

Dungeon Overview and Level Annotations

Branches:
Dungeon (2/15)

Altars:


Innate Abilities, Weirdness & Mutations

You cannot wear most types of armour.
You are amphibious.
You can wear up to eight rings at the same time.
Your skin changes colour to match your surroundings (Stealth+).
Your rubbery body absorbs attacks. (AC +1, EV +1)
((You are camouflaged near water. (Stealth+)))
You have tentacles for arms and can constrict up to eight enemies at once.


Message History

There are monsters nearby!
There is an open door here.
A goblin comes into view. It is wielding a +2 dagger of venom.
The helpless worm fails to defend itself.
You hit the worm.
The goblin shouts!
You grab the worm. Your squeeze misses the worm.
The worm is lightly wounded.
You constrict the worm. The worm barely misses you.
You hit the worm. You squeeze the worm.
The worm is severely wounded.
You constrict the worm. The worm barely misses you.
You hit the worm but do no damage.
The worm is poisoned.
The worm is severely wounded.
You constrict the worm. You hit the worm.
You kill the worm!
You miss the kobold. Your grab misses the kobold.
The goblin hits you with a +2 dagger of venom.
You are poisoned.
The kobold hits you with a +0 club.
The goblin hits you with a +2 dagger of venom.
You are lethally poisoned!
You closely miss the kobold. Your grab misses the kobold.
Your squeeze misses the kobold.
You feel very sick. The kobold hits you with a +0 club.
The goblin hits you with a +2 dagger of venom.
* * * LOW HITPOINT WARNING * * *
You are more poisoned.
There is a lethal amount of poison in your body!
Okay, then.
It was a potion of flight.
You feel very buoyant.
You fly up into the air.
* * * LOW HITPOINT WARNING * * *
You feel very sick. The kobold closely misses you.
The goblin hits you with a +2 dagger of venom.
You die...

.. #.# ... #.#
#.########### #
#.##........#
#.##.##........#
#>....'.K@.....#
###########.##...g....#
........# #.##........#
........# #.##........#
........# #.##........#
........# #.#########.#
###+### ........# #.#
.# #.....# ........#
#.# # #.....# ........#
#.# #. #.....#


You could see a goblin and a kobold.

Vanquished Creatures
  2 adders (D:2)
  A worm (D:2)
  2 dart slugs
  3 endoplasms
  3 giant cockroaches
  4 goblins
  7 hobgoblins
  2 quokkas
  4 ball pythons
  6 bats
  3 frilled lizards
  6 kobolds
  5 rats (D:1)
48 creatures vanquished.

Notes
Turn   | Place    | Note
-------+----------+-------------------------------------------
     0 | D:1      | Froggeryz the Octopode Brigand began the quest for the Orb.
     0 | D:1      | Reached XP level 1. HP: 14/14 MP: 1/1
   157 | D:1      | Reached XP level 2. HP: 19/19 MP: 2/2
   610 | D:1      | Found a faded altar of an unknown god.
   671 | D:1      | Reached skill level 1 in Slings
   677 | D:1      | Reached XP level 3. HP: 24/24 MP: 3/3
  1334 | D:2      | Reached XP level 4. HP: 21/29 MP: 4/4
  1861 | D:2      | HP: 1/29 [poisoned by a goblin]
  1861 | D:2      | Slain by a goblin

Illustrated notes

Levels and vault maps discovered:
D:1:      sevenhm_arrival_forest_fort_small_5, layout_basic,
          basic_ecumenical_altar, supply_closet_lemuel, grunt_decor_one_mirror,
          minmay_tetromino_i2
D:2:      layout_basic, minmay_fractal_squares_5, uniq_natasha

Skill      XL: |  1  2  3 |
---------------+----------+-----
Slings         | 1 |  1.6
Short Blades   | 3 |  3.4
Fighting       | |  2.0
Throwing       | |  2.0
Dodging        | |  1.8
Stealth        | |  5.4

Action                   |  1- 3 |  4- 6 || total
-------------------------+-------+-------++-------
Melee: Dagger            |    34 |       ||    34
       Constrict         |    14 |     7 ||    21
       Tentacles         |    10 |     2 ||    12
       Whip              |    19 |    26 ||    45
 Fire: Hunting sling     |    15 |       ||    15
  Use: Potion            |       |     1 ||     1
 Stab: Sleeping          |    13 |     2 ||    15
Armor: Skin              |     4 |     2 ||     6
Dodge: Dodged            |    19 |    19 ||    38

Table legend: (Time is in decaauts)
 A = Elapsed time spent in this place.
 B = Non-inter-level travel time spent in this place.
 C = Inter-level travel time spent in this place.
 D = Time resting spent in this place.
 E = Time spent auto-exploring this place.
 F = Levels seen in this place.
 G = Mean time per level.
                   A        B        C        D        E       F      G
               +--------+--------+--------+--------+--------+-----+--------+
         Total |   1858 |   1806 |     52 |    149 |   1348 |   2 |  929.0 |
       Dungeon |   1858 |   1806 |     52 |    149 |   1348 |   2 |  929.0 |
               +--------+--------+--------+--------+--------+-----+--------+

Top non-repeatable levels by time:
     D:1: 1115 daAuts
     D:2: 742 daAuts
